 Dungeon Crawl Stone Soup version 0.22.1-1-ga44c0e56f4 (webtiles) character file.

2760 Jynx the Transmogrifier (level 9, 0/53 HPs)
             Began as an Octopode Transmuter on Nov 4, 2018.
             Was an Initiate of Ashenzari.
             Succumbed to a water moccasin's poison
             ... on level 8 of the Dungeon.
             The game lasted 00:20:40 (10466 turns).

Jynx the Transmogrifier (Octopode Transmuter)      Turns: 10466, Time: 00:20:41

Health: 0/53       AC: 14    Str: 14    XL:     9   Next: 69%
Magic:  17/19      EV: 21    Int: 15    God:    Ashenzari [......]
Gold:   216        SH:  0    Dex: 15    Spells: 6/21 levels left

rFire    . . .     SeeInvis .     - Unarmed
rCold    . . .     Gourm    .   (shield currently unavailable)
rNeg     + + +     Faith    .   (helmet currently unavailable)
rPois    +         Spirit   .   (no amulet)
rElec    .         Reflect  .   l - +4 ring of strength (curse)
rCorr    .         Harm     .   t - ring of protection from magic (curse)
MR       +....                  v - +2 ring of protection
Stlth    +.........             (no ring)
HPRegen  0.17/turn              (no ring)
MPRegen  0.16/turn              (no ring)
                                (no ring)
                                (no ring)

@: lethally poisoned (0 -> -5), fungus-form (expiring)
A: tiny, almost no armour, stealthy swim, (amphibious), 8 rings, (constrict 8)
a: Curse Item, Renounce Religion


You were on level 8 of the Dungeon.
You worshipped Ashenzari.
Ashenzari was noncommittal.
You were near starving.
You were a sentient fungus.
You visited 2 branches of the dungeon, and saw 9 of its levels.

You collected 346 gold pieces.
You spent 130 gold pieces at shops.

Inventory:

Missiles
 a - 116 arrows
Jewellery
 l - a cursed +4 ring of strength (left hypha)
 t - a cursed ring of protection from magic (right hypha)
 v - a +2 ring of protection (on tentacle)
Wands
 n - a wand of polymorph (16)
Scrolls
 b - 2 scrolls of enchant weapon
 d - 2 scrolls of identify
 g - 10 scrolls of teleportation
 h - 3 scrolls of enchant armour
 j - a scroll of fear {unknown}
 m - a scroll of immolation {unknown}
 r - 2 scrolls of fog
 s - a scroll of blinking {unknown}
Potions
 e - a potion of magic
 f - a potion of agility
 q - 2 potions of cancellation
 w - 2 potions of invisibility
Comestibles
 c - 21 rations
 i - 3 chunks of flesh


   Skills:
 - Level 1.0 Fighting
 - Level 3.6 Dodging
 - Level 3.0 Unarmed Combat
 + Level 6.9 Spellcasting
 * Level 10.4 Transmutations


You had 6 spell levels left.
You knew the following spells:

 Your Spells              Type           Power        Failure   Level  Hunger
a - Beastly Appendage     Tmut           #####.       1%          1    None
b - Sticks to Snakes      Tmut           #####...     1%          2    None
c - Spider Form           Tmut/Pois      ###.......   4%          3    ##.....
d - Blade Hands           Tmut           #####.....   4%          5    #####..
e - Ice Form              Ice/Tmut       ###.....     16%         4    ####...

Your spell library contained the following spells:

 Spells                   Type           Power        Failure   Level  Hunger
 Corona                   Hex            #......      14%         1    None
 Slow                     Hex            #.......     21%         2    None
 Inner Flame              Hex/Fire       #.......     38%         3    ##.....
 Portal Projectile        Hex/Tloc       #.....       38%         3    ##.....
 Cause Fear               Hex            #.........   80%         4    ####...
 Leda's Liquefaction      Hex/Erth       #.........   80%         4    ####...


Dungeon Overview and Level Annotations

Branches:
Dungeon (8/15)             Temple (1/1) D:6
   Lair: D:8-11

Altars:
Ashenzari
Cheibriados
Dithmenos
Elyvilon
Fedhas
Gozag
Hepliaklqana
Kikubaaqudgha
Makhleb
Nemelex Xobeh
Okawaru
Qazlal
Ru
Sif Muna
Trog
Uskayaw
Vehumet
Wu Jian
Xom
Yredelemnul
Zin
The Shining One

Shops:
D:7 (=

Annotations:
D:7 3 runed doors, Cykl0x's ghost, novice GrFi


Innate Abilities, Weirdness & Mutations

You cannot wear most types of armour.
You are very stealthy in the water. (Stealth+)
((You are amphibious.))
You can wear up to eight rings at the same time.
((You can use your tentacles to constrict eight enemies at once.))
((Your skin changes colour to match your surroundings (Stealth+).))
((Your rubbery body absorbs attacks. (AC +1, EV +1)))


Message History

* * * LOW HITPOINT WARNING * * *
You feel sick.
* * * LOW HITPOINT WARNING * * *
You feel sick.
* * * LOW HITPOINT WARNING * * *
You feel sick.
* * * LOW HITPOINT WARNING * * *
You feel sick.
Your transformation is almost over.
* * * LOW HITPOINT WARNING * * *
You feel sick.
* * * LOW HITPOINT WARNING * * *
You feel sick.
* * * LOW HITPOINT WARNING * * *
You feel sick.
* * * LOW HITPOINT WARNING * * *
You feel sick.
* * * LOW HITPOINT WARNING * * *
You feel sick.
You die...

#..# ..$. #..## #.......
....# . .......
#......#..........
#...........#.....
#.#.........#.....
#f#.....(.#......
#)#.......##....#
#.#..........##.##
#.................
#.#...............
##.#...#....#......
#..#.#.#....#...... .
#......#....#.....<
....##......#.##....#...


There were no monsters in sight!

Vanquished Creatures
  Prince Ribbit (D:5)
  A hippogriff (D:7)
  A spriggan (D:7)
  2 water moccasins
  2 black bears (D:8)
  An orc warrior (D:7)
  2 phantoms (D:7)
  2 ice beasts
  2 centaurs
  An ogre (D:3)
  2 bullfrogs (D:7)
  4 killer bees (D:7)
  2 howler monkeys (D:4)
  A crimson imp (D:7)
  A centaur zombie (D:4)
  2 jellies
  A hound (D:5)
  2 bullfrog zombies (D:4)
  3 orc wizards (D:7)
  2 iguanas
  2 worker ants
  A hound zombie (D:4)
  A hound skeleton (D:7)
  A howler monkey zombie (D:4)
  A worker ant zombie (D:4)
  3 gnolls (D:7)
  15 adders
  2 river rats (D:3)
  An ooze (D:2)
  5 adder zombies
  5 worms
  An adder skeleton (D:4)
  5 leopard geckos
  17 orcs
  5 bats
  6 giant cockroaches
  7 goblins
  8 hobgoblins
  16 jackals
  4 quokkas
  A ball python (D:4)
  A ball python zombie (D:4)
  3 frilled lizards
  2 giant cockroach zombies (D:4)
  8 kobolds
  A leopard gecko skeleton (D:4)
  A quokka skeleton (D:4)
  2 quokka zombies
  10 rats
170 creatures vanquished.

Notes
Turn   | Place    | Note
-------+----------+-------------------------------------------
     0 | D:1      | Jynx the Octopode Transmuter began the quest for the Orb.
     0 | D:1      | Reached XP level 1. HP: 13/13 MP: 3/3
   247 | D:1      | Found a snail-covered altar of Cheibriados.
   287 | D:1      | Reached XP level 2. HP: 17/18 MP: 3/5
   291 | D:1      | Learned a level 2 spell: Sticks to Snakes
   685 | D:2      | Reached XP level 3. HP: 11/23 MP: 4/6
   931 | D:2      | Reached skill level 3 in Transmutations
  1529 | D:2      | Found an iron altar of Okawaru.
  1539 | D:2      | Reached XP level 4. HP: 28/28 MP: 7/7
  2410 | D:2      | Learned a level 3 spell: Spider Form
  2504 | D:3      | Noticed an ogre
  2560 | D:3      | Killed an ogre
  2560 | D:3      | Reached skill level 4 in Transmutations
  2560 | D:3      | Reached XP level 5. HP: 14/33 MP: 6/9
  3134 | D:3      | Reached XP level 6. HP: 18/38 MP: 10/10
  4927 | D:3      | Learned a level 5 spell: Blade Hands
  5014 | D:4      | Reached skill level 5 in Transmutations
  5367 | D:4      | Reached XP level 7. HP: 31/43 MP: 10/12
  5935 | D:4      | Reached skill level 6 in Transmutations
  5962 | D:4      | Found a glowing golden altar of the Shining One.
  5966 | D:4      | Found a white marble altar of Elyvilon.
  5966 | D:4      | Found a basalt altar of Yredelemnul.
  5973 | D:4      | Found a shadowy altar of Dithmenos.
  5974 | D:4      | Found a radiant altar of Vehumet.
  6104 | D:5      | Entered Level 5 of the Dungeon
  6182 | D:5      | Noticed Prince Ribbit
  6197 | D:5      | Killed Prince Ribbit
  6532 | D:5      | Reached skill level 7 in Transmutations
  6532 | D:5      | Reached XP level 8. HP: 32/48 MP: 4/15
  7009 | D:6      | Reached skill level 5 in Spellcasting
  7180 | D:6      | Found a staircase to the Ecumenical Temple.
  7189 | Temple   | Entered the Ecumenical Temple
  7209 | Temple   | Became a worshipper of Ashenzari the Shackled
  7864 | D:7      | Reached skill level 8 in Transmutations
  7990 | D:7      | Found a runed gate.
  7990 | D:7      | Found a runed gate.
  7990 | D:7      | Found a runed gate.
  7993 | D:7      | Noticed Cykl0x's ghost (novice GrFi)
  8048 | D:7      | Found Caizir's Jewellery Emporium.
  8051 | D:7      | Bought a +2 ring of protection for 130 gold pieces
  8082 | D:7      | Found Liaview's Antique Weapon Boutique.
  8151 | D:7      | Noticed a hippogriff
  8162 | D:7      | Learned a level 4 spell: Ice Form
  8201 | D:7      | Killed a hippogriff
  8403 | D:7      | Reached skill level 9 in Transmutations
  8403 | D:7      | Reached XP level 9. HP: 45/53 MP: 11/18
  9922 | D:7      | Reached skill level 10 in Transmutations
 10464 | D:8      | HP: 2/53 [poisoned by a water moccasin]
 10466 | D:8      | Succumbed to a water moccasin's poison

Skill      XL: |  1  2  3  4  5  6  7  8  9 |
---------------+----------------------------+-----
Transmutations | 3 4 5 7 9 10 | 10.4
Dodging        | 3 |  3.6
Spellcasting   | 3 4 6 |  6.9
Fighting       | |  1.0
Unarmed Combat | |  3.0

Action                   |  1- 3 |  4- 6 |  7- 9 || total
-------------------------+-------+-------+-------++-------
Melee: Unarmed           |    70 |   195 |   221 ||   486
       Constrict         |    21 |    45 |    41 ||   107
       Kick              |    14 |    50 |    35 ||    99
       Tentacles         |    13 |    40 |    41 ||    94
       Punch             |     5 |     4 |     4 ||    13
 Cast: Beastly Appendage |    17 |    34 |    27 ||    78
       Spider Form       |       |     5 |     4 ||     9
       Blade Hands       |       |       |    15 ||    15
Invok: Curse Item        |       |       |     2 ||     2
Evoke: Wand              |       |       |     3 ||     3
  Use: Scroll            |       |     1 |     9 ||    10
       Potion            |       |       |     5 ||     5
 Stab: Sleeping          |     4 |     6 |     2 ||    12
  Eat: Chunk             |     2 |    10 |    17 ||    29
       Ration            |       |     1 |     1 ||     2
Armor: Skin              |     2 |    14 |     8 ||    24
Dodge: Dodged            |    50 |   153 |   139 ||   342
